[Event "SRB-chT Men 1st League 2019"]
[Site "Subotica"]
[Date "2019.08.30"]
[Round "9.4"]
[White "Stojanovic, Mihajlo"]
[Black "Tadic, Branko"]
[Result "1/2-1/2"]
[ECO "D06"]
[WhiteElo "2475"]
[BlackElo "2488"]
[Annotator "ChessBase"]
[PlyCount "44"]
[EventDate "2019.08.23"]
[EventType "team-tourn"]
[EventCountry "SRB"]
[SourceTitle "playchess.com"]
[Source "ChessBase"]
[SourceQuality "1"]
[TimeControl "40/5400+30:1800+30"]

1. Nf3 d5 2. d4 Bf5 3. c4 e6 4. Nc3 Nc6 5. Bg5 Be7 6. Bxe7 Ngxe7 7. e3 O-O 8. Rc1 a6 9. Bd3 Bxd3 10. Qxd3 Nb4 11. Qe2 dxc4 12. Qxc4 c5 13. Rd1 Rc8 14. dxc5 Qa5 15. O-O Rxc5 16. Qh4 Rc7 17. e4 Nbc6 18. Rd2 Rcc8 19. Rfd1 Rcd8 20. Qf4 Ng6 21. Qe3 Rxd2 22. Rxd2 Rd8 1/2-1/2

[Event "SRB-chT Men 1st League 2019"]
[Site "Subotica"]
[Date "2019.08.30"]
[Round "9.5"]
[White "Nestorovic, Nikola"]
[Black "Vucinic, Gojko"]
[Result "1/2-1/2"]
[ECO "B72"]
[WhiteElo "2468"]
[BlackElo "2396"]
[Annotator "ChessBase"]
[PlyCount "106"]
[EventDate "2019.08.23"]
[EventType "team-tourn"]
[EventCountry "SRB"]
[SourceTitle "playchess.com"]
[Source "ChessBase"]
[SourceQuality "1"]
[TimeControl "40/5400+30:1800+30"]

1. e4 c5 2. Nf3 d6 3. d4 cxd4 4. Nxd4 Nf6 5. Nc3 g6 6. Be2 Bg7 7. Be3 Nc6 8. Qd2 Ng4 9. Bxg4 Bxg4 10. f3 Bd7 11. O-O-O Ne5 12. b3 Qa5 13. Kb1 Rc8 14. Nce2 Qxd2 15. Rxd2 a6 16. Nf4 b5 17. Nd5 e6 18. Nb6 Rc3 19. Bf2 Ke7 20. f4 Ng4 21. Bh4+ Bf6 22. Be1 Bc6 23. Rd3 Rxc2 24. e5 Rc5 25. exf6+ Nxf6 26. Nxc6+ Rxc6 27. Ba5 Rb8 28. Rc1 Rbxb6 29. Bxb6 Rxb6 30. Rc7+ Kf8 31. Rdc3 b4 32. R3c6 Rb5 33. Rxd6 Nd5 34. Ra7 Nxf4 35. g4 Kg7 36. Rdd7 Kf6 37. h4 h5 38. Rxf7+ Ke5 39. gxh5 gxh5 40. Rxa6 Rc5 41. Raa7 Rc3 42. Rab7 Nd5 43. Rh7 Rh3 44. Rxh5+ Kd4 45. Rg5 Nc3+ 46. Kc1 Nxa2+ 47. Kd2 Rh2+ 48. Ke1 Rxh4 49. Rg3 Rh1+ 50. Kd2 Rh2+ 51. Ke1 Rh1+ 52. Kd2 Rh2+ 53. Ke1 Rh1+ 1/2-1/2

[Event "SRB-chT Men 1st League 2019"]
[Site "Subotica"]
[Date "2019.08.30"]
[Round "9.6"]
[White "Damjanovic, Vuk"]
[Black "Nestorovic, Lazar"]
[Result "0-1"]
[ECO "B08"]
[WhiteElo "2246"]
[BlackElo "2374"]
[Annotator "NA"]
[PlyCount "80"]
[EventDate "2019.08.23"]
[EventType "team-tourn"]
[EventCountry "SRB"]
[SourceTitle "playchess.com"]
[Source "ChessBase"]
[SourceQuality "1"]
[TimeControl "40/5400+30:1800+30"]

1. e4 Nc6 2. Nf3 d6 3. d4 g6 4. Nc3 Bg7 5. Be2 Bg4 6. Be3 Nf6 7. d5 Bxf3 8. Bxf3 Ne5 9. Be2 O-O 10. O-O c6 11. f4 Ned7 12. Bf3 Qc7 13. Qe2 Nb6 14. Rae1 Nfd7 15. Nd1 a5 16. Bf2 a4 17. c3 Ra5 18. Ne3 a3 19. b4 Raa8 20. c4 Ra4 21. Qd2 c5 22. bxc5 Nxc5 23. Rc1 Bb2 24. Rc2 Na6 25. f5 Nxc4 26. Nxc4 Rxc4 27. Rxb2 axb2 28. Qxb2 Rc2 29. Qb3 Rc1 30. g3 Rxf1+ 31. Kxf1 Ra8 32. fxg6 hxg6 33. Qb5 Nc5 34. Qb1 Qa5 35. e5 Qxa2 36. Qb5 Qa1+ 37. Kg2 Qxe5 38. Bxc5 dxc5 39. Qxb7 Ra2+ 40. Kh3 Qf5+ 0-1

[Event "SRB-chT Men 1st League 2019"]
[Site "Subotica"]
[Date "2019.08.30"]
[Round "9.9"]
[White "Radovanovic, Mihajlo"]
[Black "Popovic, Dusan"]
[Result "1/2-1/2"]
[ECO "E62"]
[WhiteElo "2496"]
[BlackElo "2481"]
[Annotator "ChessBase"]
[PlyCount "109"]
[EventDate "2019.08.23"]
[EventType "team-tourn"]
[EventCountry "SRB"]
[SourceTitle "playchess.com"]
[Source "ChessBase"]
[SourceQuality "1"]
[TimeControl "40/5400+30:1800+30"]

1. d4 Nf6 2. c4 g6 3. g3 Bg7 4. Bg2 O-O 5. Nf3 d6 6. O-O Nc6 7. Nc3 Bg4 8. d5 Na5 9. b3 c5 10. Bb2 a6 11. Nd2 Rb8 12. Qc2 b5 13. Rae1 Bd7 14. Ba1 bxc4 15. bxc4 Rb4 16. a3 Rb8 17. e4 e6 18. Rb1 Qc7 19. h3 Nh5 20. Kh2 e5 21. Ne2 f5 22. Rxb8 Rxb8 23. Bc3 Rf8 24. f4 Nb7 25. Bf3 Nf6 26. Qb2 Re8 27. Rb1 Bc8 28. fxe5 dxe5 29. Qb6 Qe7 30. Qc6 fxe4 31. Bxe4 Nd6 32. Bg2 Nf5 33. Rb8 Bd7 34. Rxe8+ Nxe8 35. Qxa6 Nd4 36. Ng1 Nd6 37. Ne4 Nxe4 38. Bxe4 Qf7 39. Kg2 Bf5 40. Bxf5 Qxf5 41. Qa8+ Bf8 42. d6 Qe6 43. Nf3 Qxd6 44. Ng5 h6 45. Ne4 Qe6 46. Nd2 Nc2 47. Qe4 Nxa3 48. Bb2 Qa6 49. Qd5+ Kh7 50. Qf3 Nc2 51. Qxf8 Qb7+ 52. Kf2 Qxb2 53. Qf7+ Kh8 54. Qf8+ Kh7 55. Qf7+ 1/2-1/2

[Event "SRB-chT Men 1st League 2019"]
[Site "Subotica"]
[Date "2019.08.30"]
[Round "9.10"]
[White "Cabarkapa, Novak"]
[Black "Vuckovic, Bojan"]
[Result "1-0"]
[ECO "D00"]
[WhiteElo "2434"]
[BlackElo "2581"]
[Annotator "ChessBase"]
[PlyCount "71"]
[EventDate "2019.08.23"]
[EventType "team-tourn"]
[EventCountry "SRB"]
[SourceTitle "playchess.com"]
[Source "ChessBase"]
[SourceQuality "1"]
[TimeControl "40/5400+30:1800+30"]

1. d4 Nf6 2. Nc3 d5 3. Bf4 a6 4. e3 e6 5. Nf3 c5 6. dxc5 Bxc5 7. Bd3 b5 8. O-O Bb7 9. Qe2 Nbd7 10. a3 O-O 11. e4 dxe4 12. Nxe4 Nxe4 13. Bxe4 Bxe4 14. Qxe4 Nf6 15. Qe2 Qb6 16. Bg5 Nd5 17. Ne5 Qc7 18. c4 bxc4 19. Nxc4 a5 20. Rac1 Rfc8 21. Qg4 Be7 22. Bxe7 Qxe7 23. Nxa5 Rxc1 24. Rxc1 f5 25. Qa4 h6 26. g3 Qg5 27. Rd1 Ne3 28. h4 Qh5 29. Re1 f4 30. Qxf4 Nc2 31. Qe4 Qxa5 32. Rc1 Nxa3 33. Qxe6+ Kh8 34. Ra1 Qd2 35. bxa3 Rxa3 36. Qc8+ 1-0

[Event "SRB-chT Men 1st League 2019"]
[Site "Subotica"]
[Date "2019.08.30"]
[Round "9.11"]
[White "Roganovic, Milos"]
[Black "Lukovic, Vladimir"]
[Result "1-0"]
[ECO "C49"]
[WhiteElo "2505"]
[BlackElo "2420"]
[Annotator "ChessBase"]
[PlyCount "47"]
[EventDate "2019.08.23"]
[EventType "team-tourn"]
[EventCountry "SRB"]
[SourceTitle "playchess.com"]
[Source "ChessBase"]
[SourceQuality "1"]
[TimeControl "40/5400+30:1800+30"]

1. e4 e5 2. Nf3 Nc6 3. Nc3 Nf6 4. Bb5 Bb4 5. O-O O-O 6. d3 d6 7. Bg5 Bxc3 8. bxc3 Qe7 9. Re1 Nd8 10. d4 Ne6 11. Bd2 Rd8 12. Nh4 Nf8 13. Nf5 Bxf5 14. exf5 c6 15. Bd3 Re8 16. g4 Nd5 17. c4 Nc7 18. Rb1 Na6 19. c5 Qd7 20. cxd6 Qxd6 21. Rxb7 Qxd4 22. Bxa6 Rad8 23. Bd3 e4 24. Rb4 1-0

[Event "SRB-chT Men 1st League 2019"]
[Site "Subotica"]
[Date "2019.08.30"]
[Round "9.12"]
[White "Zegarac, Vuk"]
[Black "Bogosavljevic, Boban"]
[Result "0-1"]
[ECO "D00"]
[WhiteElo "2310"]
[BlackElo "2516"]
[Annotator "ChessBase"]
[PlyCount "98"]
[EventDate "2019.08.23"]
[EventType "team-tourn"]
[EventCountry "SRB"]
[SourceTitle "playchess.com"]
[Source "ChessBase"]
[SourceQuality "1"]
[TimeControl "40/5400+30:1800+30"]

1. d4 Nf6 2. Bg5 d5 3. e3 c5 4. c3 Nc6 5. Nd2 Bf5 6. Ngf3 Qb6 7. dxc5 Qxb2 8. Nd4 Ne4 9. Nxf5 Nxd2 10. Bd3 Qxc3 11. Ke2 Ne4 12. Bxe4 dxe4 13. Rc1 Qb2+ 14. Qc2 Qxc2+ 15. Rxc2 f6 16. Bh4 O-O-O 17. Rd1 Rxd1 18. Kxd1 e6 19. Nd4 Nxd4 20. exd4 Be7 21. Ke2 Rd8 22. Ke3 Rd5 23. Bg3 f5 24. Be5 Bg5+ 25. Ke2 Bf6 26. Bxf6 gxf6 27. Rc4 Kc7 28. Ra4 a6 29. Rb4 e5 30. dxe5 fxe5 31. g4 fxg4 32. Rxe4 h5 33. f3 gxf3+ 34. Kxf3 Rxc5 35. Rh4 Rc3+ 36. Ke2 Rc2+ 37. Kd3 Rxa2 38. Rxh5 Kd6 39. Rh7 b5 40. h4 Kd5 41. Rd7+ Kc5 42. Re7 Ra3+ 43. Kd2 Kd4 44. Rd7+ Ke4 45. h5 Rh3 46. Ra7 Rxh5 47. Rxa6 b4 48. Rb6 Rh2+ 49. Kc1 Kd4 0-1

[Event "SRB-chT Men 1st League 2019"]
[Site "Subotica"]
[Date "2019.08.30"]
[Round "9.15"]
[White "Scekic, Milos"]
[Black "Miladinovic, Igor"]
[Result "1/2-1/2"]
[ECO "A27"]
[WhiteElo "2381"]
[BlackElo "2532"]
[Annotator "ChessBase"]
[PlyCount "34"]
[EventDate "2019.08.23"]
[EventType "team-tourn"]
[EventCountry "SRB"]
[SourceTitle "playchess.com"]
[Source "ChessBase"]
[SourceQuality "1"]
[TimeControl "40/5400+30:1800+30"]

1. c4 e5 2. Nc3 Nc6 3. Nf3 g6 4. d4 exd4 5. Nxd4 Bg7 6. Nxc6 dxc6 7. Qxd8+ Kxd8 8. Bf4 Be6 9. e4 Bxc3+ 10. bxc3 c5 11. O-O-O+ Kc8 12. Bg5 f6 13. Bh4 g5 14. Bg3 Ne7 15. h4 g4 16. h5 Nc6 17. f4 gxf3 1/2-1/2

[Event "SRB-chT Men 1st League 2019"]
[Site "Subotica"]
[Date "2019.08.30"]
[Round "9.16"]
[White "Miljkovic, Miroslav D"]
[Black "Dimic, Pavle"]
[Result "1-0"]
[ECO "E11"]
[WhiteElo "2483"]
[BlackElo "2349"]
[Annotator "ChessBase"]
[PlyCount "47"]
[EventDate "2019.08.23"]
[EventType "team-tourn"]
[EventCountry "SRB"]
[SourceTitle "playchess.com"]
[Source "ChessBase"]
[SourceQuality "1"]
[TimeControl "40/5400+30:1800+30"]

1. d4 Nf6 2. c4 e6 3. Nf3 Bb4+ 4. Bd2 Qe7 5. g3 Nc6 6. Nc3 Bxc3 7. Bxc3 Ne4 8. Rc1 Nxc3 9. Rxc3 O-O 10. Bg2 d6 11. d5 Nb8 12. dxe6 fxe6 13. O-O Nd7 14. Nd4 Nf6 15. c5 d5 16. c6 b6 17. f4 e5 18. fxe5 Qxe5 19. Qd2 Bg4 20. h3 Be6 21. Rxf6 Rxf6 22. Re3 Qd6 23. Nxe6 Rxe6 24. Rxe6 1-0

[Event "SRB-chT Men 1st League 2019"]
[Site "Subotica"]
[Date "2019.08.30"]
[Round "9.17"]
[White "Klasan, Vladimir"]
[Black "Lazic, Miroljub"]
[Result "1/2-1/2"]
[ECO "C45"]
[WhiteElo "2357"]
[BlackElo "2387"]
[Annotator "NA"]
[PlyCount "54"]
[EventDate "2019.08.23"]
[EventType "team-tourn"]
[EventCountry "SRB"]
[SourceTitle "playchess.com"]
[Source "ChessBase"]
[SourceQuality "1"]
[TimeControl "40/5400+30:1800+30"]

1. e4 e5 2. Nf3 Nc6 3. d4 exd4 4. Nxd4 Bb4+ 5. c3 Bc5 6. Be3 Bb6 7. Nf5 Bxe3 8. Nxe3 d6 9. c4 Nge7 10. Nc3 O-O 11. Be2 f5 12. exf5 Nxf5 13. Nxf5 Bxf5 14. O-O Kh8 15. Qd2 Qd7 16. f4 Rae8 17. Bh5 g6 18. Bf3 Qg7 19. Rad1 Bc8 20. Nd5 Nd8 21. g3 c6 22. Nc3 Nf7 23. Rfe1 g5 24. Rxe8 Rxe8 25. Bh5 gxf4 26. Qxf4 Be6 27. Ne4 Rf8 1/2-1/2

[Event "SRB-chT Men 1st League 2019"]
[Site "Subotica"]
[Date "2019.08.30"]
[Round "9.18"]
[White "Laketic, Gojko"]
[Black "Milekic, Daniel"]
[Result "0-1"]
[ECO "E14"]
[WhiteElo "2376"]
[BlackElo "2298"]
[Annotator "NA"]
[PlyCount "91"]
[EventDate "2019.08.23"]
[EventType "team-tourn"]
[EventCountry "SRB"]
[SourceTitle "playchess.com"]
[Source "ChessBase"]
[SourceQuality "1"]
[TimeControl "40/5400+30:1800+30"]

1. d4 Nf6 2. c4 e6 3. Nf3 d5 4. Nc3 c6 5. e3 Nbd7 6. Qc2 b6 7. cxd5 exd5 8. Bd3 Bb7 9. O-O Be7 10. e4 dxe4 11. Nxe4 O-O 12. Ne5 c5 13. Ng5 g6 14. Bc4 Nd5 15. Qb3 Nxe5 16. dxe5 Bxg5 17. Rd1 Bxc1 18. Raxc1 Qg5 19. Bxd5 Bxd5 20. Qxd5 Rad8 21. Qe4 Rd4 22. Qe1 Re8 23. Rxd4 cxd4 24. e6 Rxe6 25. Rc8+ Kg7 26. Qb4 Qe5 27. Qf8+ Kf6 28. h4 Qe1+ 29. Kh2 Qxf2 30. Qd8+ Kf5 31. Qd5+ Kf4 32. Qg5+ Ke4 33. Rd8 f5 34. Rd7 Qe3 35. Qd8 Kd3 36. Qc7 f4 37. Qc3+ Ke4 38. Qc2+ Qd3 39. Qc8 Qg3+ 40. Kg1 Qe1+ 41. Kh2 Qxh4+ 42. Kg1 Qe1+ 43. Kh2 Ke3 44. Rxh7 Kf2 45. Qc2+ Re2 46. Qc4 0-1

[Event "SRB-chT Men 1st League 2019"]
[Site "Subotica"]
[Date "2019.08.31"]
[Round "10.3"]
[White "Popovic, Dusan"]
[Black "Damljanovic, Branko"]
[Result "1/2-1/2"]
[ECO "B30"]
[WhiteElo "2481"]
[BlackElo "2483"]
[Annotator "ChessBase"]
[PlyCount "119"]
[EventDate "2019.08.23"]
[EventType "team-tourn"]
[EventCountry "SRB"]
[SourceTitle "playchess.com"]
[Source "ChessBase"]
[SourceQuality "1"]
[TimeControl "40/5400+30:1800+30"]

1. e4 c5 2. Nc3 Nc6 3. Bb5 Nd4 4. Nf3 e6 5. O-O a6 6. Bd3 Ne7 7. Nxd4 cxd4 8. Ne2 Nc6 9. c3 Bc5 10. b4 Ba7 11. Bb2 dxc3 12. Bxc3 O-O 13. a4 d5 14. exd5 exd5 15. b5 d4 16. bxc6 dxc3 17. Be4 bxc6 18. Bxc6 Rb8 19. dxc3 Qf6 20. Bd5 Rd8 21. c4 Be6 22. Ra3 Bxd5 23. cxd5 Rxd5 24. Rd3 Rxd3 25. Qxd3 g6 26. g3 Rd8 27. Qe4 Kg7 28. Qb7 Bc5 29. Qc7 Bb6 30. Qc2 h5 31. Nf4 h4 32. Rb1 Rd6 33. Qe2 Qf5 34. Rc1 hxg3 35. hxg3 Qf6 36. Rb1 Qd4 37. Qc2 Qe5 38. Kg2 Qd4 39. Kg1 Bd8 40. Rb7 Qd1+ 41. Qxd1 Rxd1+ 42. Kg2 Rd6 43. Kf3 Bb6 44. Ke2 Bd4 45. g4 Rc6 46. Nd5 Re6+ 47. Kf3 Rd6 48. Ne3 Rf6+ 49. Ke4 Bc5 50. Rc7 Re6+ 51. Kf3 Bxe3 52. fxe3 Re5 53. Rc6 Ra5 54. Rc4 Kf6 55. Kf4 Ke6 56. Rb4 f6 57. Rb6+ Ke7 58. Rb7+ Ke6 59. Rb6+ Ke7 60. Ke4 1/2-1/2

[Event "SRB-chT Men 1st League 2019"]
[Site "Subotica"]
[Date "2019.08.31"]
[Round "10.4"]
[White "Tadic, Branko"]
[Black "Cabarkapa, Novak"]
[Result "1-0"]
[ECO "E60"]
[WhiteElo "2488"]
[BlackElo "2434"]
[Annotator "ChessBase"]
[PlyCount "65"]
[EventDate "2019.08.23"]
[EventType "team-tourn"]
[EventCountry "SRB"]
[SourceTitle "playchess.com"]
[Source "ChessBase"]
[SourceQuality "1"]
[TimeControl "40/5400+30:1800+30"]

1. Nf3 Nf6 2. g3 g6 3. b3 Bg7 4. Bb2 O-O 5. Bg2 d6 6. d4 c5 7. c4 Qa5+ 8. Bc3 Qc7 9. Nbd2 Re8 10. d5 e5 11. e4 b5 12. cxb5 Nxd5 13. exd5 e4 14. Ne5 Bxe5 15. Bxe5 Rxe5 16. O-O f5 17. Nc4 Re8 18. f3 exf3 19. Re1 Bd7 20. Qxf3 Bxb5 21. Qf4 Rd8 22. Qh4 Re8 23. a4 Bd7 24. Re7 Rxe7 25. Qxe7 Na6 26. Nxd6 Rf8 27. Bf1 Nb8 28. Bc4 Qd8 29. Re1 Qxe7 30. Rxe7 f4 31. Ne4 h6 32. Nxc5 Bh3 33. Rxa7 1-0

[Event "SRB-chT Men 1st League 2019"]
[Site "Subotica"]
[Date "2019.08.31"]
[Round "10.5"]
[White "Lukovic, Vladimir"]
[Black "Nestorovic, Nikola"]
[Result "1-0"]
[ECO "C50"]
[WhiteElo "2420"]
[BlackElo "2468"]
[Annotator "ChessBase"]
[PlyCount "79"]
[EventDate "2019.08.23"]
[EventType "team-tourn"]
[EventCountry "SRB"]
[SourceTitle "playchess.com"]
[Source "ChessBase"]
[SourceQuality "1"]
[TimeControl "40/5400+30:1800+30"]

1. e4 e5 2. Nf3 Nc6 3. Nc3 Nf6 4. Bb5 Bd6 5. a3 a6 6. Bc4 Bc5 7. d3 d6 8. Bg5 h6 9. Bxf6 Qxf6 10. Nd5 Qd8 11. c3 Ba7 12. O-O Ne7 13. Nxe7 Qxe7 14. Nd2 h5 15. b4 Bg4 16. Qe1 g5 17. a4 f5 18. b5 f4 19. bxa6 bxa6 20. Bd5 Rb8 21. Rb1 Kd7 22. Kh1 Be6 23. Qe2 g4 24. d4 Bxd5 25. exd5 Rxb1 26. Rxb1 exd4 27. Qxa6 Rb8 28. Rc1 Rb2 29. Qd3 dxc3 30. Qxc3 Rb7 31. a5 Bc5 32. a6 Rb4 33. Nb3 Ra4 34. Qd3 Re4 35. Nxc5+ dxc5 36. Qb1 Rb4 37. Qa1 g3 38. a7 f3 39. hxg3 fxg2+ 40. Kg1 1-0

[Event "SRB-chT Men 1st League 2019"]
[Site "Subotica"]
[Date "2019.08.31"]
[Round "10.6"]
[White "Nestorovic, Lazar"]
[Black "Zegarac, Vuk"]
[Result "1/2-1/2"]
[ECO "B10"]
[WhiteElo "2374"]
[BlackElo "2310"]
[Annotator "NA"]
[PlyCount "104"]
[EventDate "2019.08.23"]
[EventType "team-tourn"]
[EventCountry "SRB"]
[SourceTitle "playchess.com"]
[Source "ChessBase"]
[SourceQuality "1"]
[TimeControl "40/5400+30:1800+30"]

1. e4 c6 2. c4 d5 3. exd5 cxd5 4. cxd5 Nf6 5. Nc3 a6 6. Qb3 g6 7. g3 Bg7 8. Bg2 O-O 9. Nge2 Nbd7 10. O-O Ne8 11. d3 Nd6 12. Be3 Nf5 13. Bf4 Ra7 14. Qa3 Nf6 15. Nb5 Ra8 16. d6 Nxd6 17. Nxd6 exd6 18. Bxd6 Re8 19. Nc3 Qb6 20. Na4 Qa5 21. Rac1 Bd7 22. Nc3 Qh5 23. Qc5 Bf5 24. Bxb7 Rad8 25. Rfe1 Ng4 26. h4 Bxd3 27. Rxe8+ Rxe8 28. Qc6 Rd8 29. Re1 Qf5 30. Re8+ Bf8 31. Bf4 Rxe8 32. Qxe8 Qc5 33. Qe1 Qb6 34. Bf3 h5 35. Qd2 Bc4 36. Bd5 Bd3 37. Kg2 Qd4 38. Bf3 Bc5 39. Nd1 Bb4 40. Qc1 Be4 41. Ne3 Bd2 42. Qc8+ Kg7 43. Nxg4 Bxf3+ 44. Kxf3 Bxf4 45. Nh2 Be5 46. Qb7 Qxb2 47. Qxa6 Bd4 48. Qe2 Qb7+ 49. Qe4 Qb2 50. Qe2 Qb7+ 51. Qe4 Qb2 52. Qe2 Qb7+ {[%emt 1:00:12] Ke4} 1/2-1/2

[Event "SRB-chT Men 1st League 2019"]
[Site "Subotica"]
[Date "2019.08.31"]
[Round "10.8"]
[White "Arsovic, Goran"]
[Black "Ivic, Velimir"]
[Result "0-1"]
[ECO "E62"]
[WhiteElo "2389"]
[BlackElo "2511"]
[Annotator "ChessBase"]
[PlyCount "114"]
[EventDate "2019.08.23"]
[EventType "team-tourn"]
[EventCountry "SRB"]
[SourceTitle "playchess.com"]
[Source "ChessBase"]
[SourceQuality "1"]
[TimeControl "40/5400+30:1800+30"]

1. d4 Nf6 2. Nf3 g6 3. c4 Bg7 4. g3 O-O 5. Bg2 d6 6. Nc3 Nc6 7. O-O Bf5 8. Be3 Ng4 9. Bg5 h6 10. Bd2 e5 11. dxe5 dxe5 12. Qc1 Kh7 13. h3 Nf6 14. Rd1 Nd7 15. e4 Be6 16. Nd5 a5 17. Bc3 Qc8 18. Qe3 b6 19. b3 Nc5 20. Kh2 Bd7 21. Rac1 Ne6 22. Qe2 Qd8 23. h4 Ncd4 24. Bxd4 exd4 25. Qd2 c6 26. Nf4 Nxf4 27. Qxf4 c5 28. a4 Qe7 29. Qd2 Rae8 30. Ne1 Bc6 31. Nd3 Bxe4 32. Re1 Qb7 33. Rxe4 Rxe4 34. Bxe4 Qxe4 35. Re1 Qf3 36. Qe2 Qf5 37. Qe4 Qf6 38. Qe7 g5 39. hxg5 hxg5 40. Kg2 Qf5 41. Qe4 Qxe4+ 42. Rxe4 Bf6 43. Re1 Kg6 44. Re2 Rh8 45. Re1 Bd8 46. Re5 Kf6 47. Re4 Bc7 48. Re1 Bd6 49. Re2 g4 50. Re4 Kf5 51. Re1 Rh6 52. Re8 Re6 53. Rxe6 fxe6 54. f3 gxf3+ 55. Kxf3 Bxg3 56. Kxg3 Ke4 57. Nf2+ Ke5 0-1

[Event "SRB-chT Men 1st League 2019"]
[Site "Subotica"]
[Date "2019.08.31"]
[Round "10.10"]
[White "Dimic, Pavle"]
[Black "Stojanovic, Mihajlo"]
[Result "0-1"]
[ECO "D28"]
[WhiteElo "2349"]
[BlackElo "2475"]
[Annotator "ChessBase"]
[PlyCount "114"]
[EventDate "2019.08.23"]
[EventType "team-tourn"]
[EventCountry "SRB"]
[SourceTitle "playchess.com"]
[Source "ChessBase"]
[SourceQuality "1"]
[TimeControl "40/5400+30:1800+30"]

1. d4 d5 2. c4 dxc4 3. Nf3 Nf6 4. e3 e6 5. Bxc4 c5 6. O-O a6 7. Qe2 b5 8. Bd3 cxd4 9. Rd1 Nc6 10. exd4 Nb4 11. Nc3 Nxd3 12. Rxd3 Be7 13. Bg5 O-O 14. Bxf6 Bxf6 15. d5 exd5 16. Nxd5 Bf5 17. Nxf6+ Qxf6 18. Rd4 h6 19. Qd2 Rad8 20. Rd1 Rxd4 21. Qxd4 Qc6 22. Ne5 Qc2 23. Qd2 Rc8 24. h3 Be6 25. b3 Qf5 26. Nf3 Rc2 27. Qd8+ Kh7 28. Rd2 Rc1+ 29. Rd1 Qb1 30. Rxc1 Qxc1+ 31. Kh2 Qf4+ 32. Kg1 Bxh3 33. Qa8 Qc1+ 34. Kh2 Qc8 35. Qa7 Bxg2 36. Kxg2 Qg4+ 37. Kf1 Qxf3 38. Qxa6 Qd1+ 39. Kg2 Qg4+ 40. Kf1 Qd1+ 41. Kg2 Qd5+ 42. Kg1 b4 43. Qb6 Qe4 44. Qc5 Qg4+ 45. Kf1 h5 46. a3 bxa3 47. Qxa3 Qf3 48. Qc5 h4 49. Qg5 h3 50. Qh4+ Kg6 51. Qg3+ Qxg3 52. fxg3 Kf5 53. b4 g5 54. g4+ Ke4 55. Kf2 Kd4 56. Kg3 Kc4 57. Kxh3 Kxb4 0-1

[Event "SRB-chT Men 1st League 2019"]
[Site "Subotica"]
[Date "2019.08.31"]
[Round "10.11"]
[White "Damjanovic, Vuk"]
[Black "Klasan, Vladimir"]
[Result "1-0"]
[ECO "A43"]
[WhiteElo "2246"]
[BlackElo "2357"]
[Annotator "NA"]
[PlyCount "79"]
[EventDate "2019.08.23"]
[EventType "team-tourn"]
[EventCountry "SRB"]
[SourceTitle "playchess.com"]
[Source "ChessBase"]
[SourceQuality "1"]
[TimeControl "40/5400+30:1800+30"]

1. d4 Nf6 2. Nf3 c5 3. d5 e6 4. Nc3 exd5 5. Nxd5 h6 6. e4 Nxd5 7. Qxd5 Nc6 8. Bc4 Qe7 9. O-O d6 10. Bf4 Be6 11. Qd3 Bxc4 12. Qxc4 Qe6 13. Qd3 Be7 14. c3 O-O 15. Rfe1 Rfe8 16. Qd5 Qxd5 17. exd5 Na5 18. Re4 Bf8 19. Rae1 Rxe4 20. Rxe4 b6 21. h4 g6 22. g4 Kg7 23. h5 Nb7 24. Nh4 gxh5 25. gxh5 Rc8 26. c4 Kh7 27. Nf5 Rd8 28. Kg2 Na5 29. Kf3 Nb7 30. Bd2 Rb8 31. Bc3 Rd8 32. Bf6 Rc8 33. Be7 Bg7 34. Nxd6 Nxd6 35. Bxd6 Rd8 36. Be5 f6 37. Bc3 Rd7 38. Re6 Kg8 39. Kf4 Kf7 40. Ke4 1-0

[Event "SRB-chT Men 1st League 2019"]
[Site "Subotica"]
[Date "2019.08.31"]
[Round "10.12"]
[White "Milekic, Daniel"]
[Black "Kisic, Jovan"]
[Result "1-0"]
[ECO "A29"]
[WhiteElo "2298"]
[BlackElo "1757"]
[Annotator "NA"]
[PlyCount "57"]
[EventDate "2019.08.23"]
[EventType "team-tourn"]
[EventCountry "SRB"]
[SourceTitle "playchess.com"]
[Source "ChessBase"]
[SourceQuality "1"]
[TimeControl "40/5400+30:1800+30"]

1. c4 e5 2. Nc3 Nf6 3. Nf3 Nc6 4. g3 Bc5 5. Nxe5 Bxf2+ 6. Kxf2 Nxe5 7. e4 h5 8. d4 Nfg4+ 9. Ke1 Ng6 10. h3 Nh6 11. Qxh5 Qf6 12. Be3 c6 13. Qe2 d6 14. Bg2 Be6 15. Kd2 O-O-O 16. d5 Bd7 17. Qf2 Qe7 18. dxc6 Bxc6 19. Nd5 Qe6 20. Bxa7 Ne5 21. Rac1 Kd7 22. Be3 Qg6 23. g4 Ng8 24. Qf5+ Qe6 25. Bd4 g6 26. Qxe6+ fxe6 27. Nb4 Ne7 28. c5 dxc5 29. Bxe5 1-0

[Event "SRB-chT Men 1st League 2019"]
[Site "Subotica"]
[Date "2019.08.31"]
[Round "10.15"]
[White "Kovacevic, Aleksandar"]
[Black "Miladinovic, Igor"]
[Result "1/2-1/2"]
[ECO "B15"]
[WhiteElo "2480"]
[BlackElo "2532"]
[Annotator "ChessBase"]
[PlyCount "27"]
[EventDate "2019.08.23"]
[EventType "team-tourn"]
[EventCountry "SRB"]
[SourceTitle "playchess.com"]
[Source "ChessBase"]
[SourceQuality "1"]
[TimeControl "40/5400+30:1800+30"]

1. e4 c6 2. d4 d5 3. Nc3 dxe4 4. Nxe4 Nf6 5. Nxf6+ exf6 6. c3 Bd6 7. Bd3 O-O 8. Qc2 Re8+ 9. Ne2 h5 10. Be3 Nd7 11. O-O Qc7 12. h3 Nf8 13. c4 Ne6 14. Qd2 1/2-1/2

[Event "SRB-chT Men 1st League 2019"]
[Site "Subotica"]
[Date "2019.08.31"]
[Round "10.16"]
[White "Miljkovic, Miroslav D"]
[Black "Saric, Sinisa"]
[Result "1-0"]
[ECO "E71"]
[WhiteElo "2483"]
[BlackElo "2410"]
[Annotator "ChessBase"]
[PlyCount "85"]
[EventDate "2019.08.23"]
[EventType "team-tourn"]
[EventCountry "SRB"]
[SourceTitle "playchess.com"]
[Source "ChessBase"]
[SourceQuality "1"]
[TimeControl "40/5400+30:1800+30"]

1. d4 Nf6 2. c4 g6 3. Nc3 Bg7 4. e4 O-O 5. h3 c6 6. Bd3 d6 7. Nge2 Nbd7 8. Be3 a6 9. O-O b5 10. a3 bxc4 11. Bxc4 d5 12. Bd3 dxe4 13. Nxe4 Nd5 14. Rc1 Nxe3 15. fxe3 e5 16. Bc4 exd4 17. Nxd4 Qe7 18. Qc2 Bb7 19. Nf3 c5 20. Neg5 Bxf3 21. Nxf3 Ne5 22. Bd5 Rad8 23. e4 Nxf3+ 24. Rxf3 Bd4+ 25. Kh1 Kg7 26. Rcf1 f6 27. Qa4 Bxb2 28. Qxa6 Rb8 29. a4 Be5 30. a5 Bd6 31. Qd3 Qe5 32. g3 Rb4 33. a6 Ra4 34. Qb5 Ra1 35. Rxa1 Qxa1+ 36. Rf1 Qe5 37. Rg1 Rb8 38. Qd7+ Kh6 39. Qg4 Rb2 40. a7 Qd4 41. a8=Q Bb8 42. Qxb8 Rxb8 43. Qf4+ 1-0

[Event "SRB-chT Men 1st League 2019"]
[Site "Subotica"]
[Date "2019.08.31"]
[Round "10.17"]
[White "Leskur, Dejan"]
[Black "Lazic, Miroljub"]
[Result "1/2-1/2"]
[ECO "C95"]
[WhiteElo "2303"]
[BlackElo "2387"]
[Annotator "NA"]
[PlyCount "48"]
[EventDate "2019.08.23"]
[EventType "team-tourn"]
[EventCountry "SRB"]
[SourceTitle "playchess.com"]
[Source "ChessBase"]
[SourceQuality "1"]
[TimeControl "40/5400+30:1800+30"]

1. e4 e5 2. Nf3 Nc6 3. Bb5 a6 4. Ba4 Nf6 5. O-O Be7 6. Re1 b5 7. Bb3 d6 8. c3 O-O 9. h3 Re8 10. Ng5 Rf8 11. Nf3 Nb8 12. d4 Nbd7 13. Nbd2 Bb7 14. Bc2 Re8 15. Nf1 Bf8 16. Ng3 g6 17. b3 Bg7 18. d5 Rc8 19. a4 bxa4 20. Rxa4 c6 21. dxc6 Rxc6 22. c4 Nc5 23. Ra2 Rc8 24. b4 Ne6 1/2-1/2